 Dungeon Crawl Stone Soup version 0.22.0-5-gf09313c (webtiles) character file.

112 ryryur the Magician (level 4, 0/32 HPs)
             Began as a Gnoll Wizard on Aug 13, 2018.
             Killed from afar by an orc wizard (4 damage)
             ... with a magic dart
             ... on level 3 of the Dungeon.
             The game lasted 00:11:16 (1862 turns).

ryryur the Magician (Gnoll Wizard)                  Turns: 1862, Time: 00:11:16

Health: 0/32       AC:  4    Str:  9    XL:     4   Next: 93%
Magic:  1/13       EV: 14    Int: 21    God:
Gold:   166        SH:  0    Dex: 14    Spells: 2/17 levels left

rFire    . . .     SeeInvis .   r - +0 trident
rCold    . . .     Gourm    .   (no shield)
rNeg     . . .     Faith    .   a - +0 robe
rPois    .         Spirit   .   b - +0 hat
rElec    .         Reflect  .   (no cloak)
rCorr    .         Harm     .   o - +1 pair of gloves
MR       .....                  (no boots)
Stlth    +++.......             e - amulet of regeneration
HPRegen  0.50/turn              (no ring)
MPRegen  0.13/turn              (no ring)

@: very slightly contaminated
A: distributed training, fangs 1, strong nose
a: no special abilities


You were on level 3 of the Dungeon.
You were not hungry.

You visited 1 branch of the dungeon, and saw 3 of its levels.

You collected 166 gold pieces.

Inventory:

Hand Weapons
 f - a +0 club
 g - a +0 mace
 k - a +0 short sword
 r - a +0 trident (weapon)
Missiles
 l - 66 stones (quivered)
Armour
 a - a +0 robe (worn)
 b - a +0 hat (worn)
 o - a +1 pair of gloves (worn)
Jewellery
 e - an amulet of regeneration (around neck)
 m - an uncursed ring of resist corrosion {unknown}
Scrolls
 c - a scroll of teleportation {unknown}
 h - a scroll of amnesia {unknown}
 i - a scroll of immolation {unknown}
 j - 2 scrolls of enchant armour {unknown}
 n - 2 scrolls of magic mapping {unknown}
 s - a scroll of blinking {unknown}
Potions
 p - a potion of lignification {unknown}
 q - a potion of agility {unknown}
 t - a potion of heal wounds {unknown}
Comestibles
 d - 3 rations
 u - 5 chunks of flesh


   Skills:
 + Level 1.2 Fighting
 + Level 1.2 Short Blades
 + Level 1.2 Long Blades
 + Level 1.2 Axes
 + Level 1.2 Maces & Flails
 + Level 1.2 Polearms
 + Level 1.2 Staves
 + Level 1.2 Slings
 + Level 1.2 Bows
 + Level 1.2 Crossbows
 + Level 1.2 Throwing
 + Level 1.2 Armour
 + Level 4.7 Dodging
 + Level 4.3 Stealth
 + Level 1.2 Shields
 + Level 1.2 Unarmed Combat
 + Level 7.2 Spellcasting
 + Level 2.3 Conjurations
 + Level 1.0 Hexes
 + Level 1.0 Charms
 + Level 2.3 Summonings
 + Level 1.0 Necromancy
 + Level 2.3 Translocations
 + Level 1.0 Transmutations
 + Level 1.0 Fire Magic
 + Level 1.0 Ice Magic
 + Level 1.0 Air Magic
 + Level 1.0 Earth Magic
 + Level 1.0 Poison Magic
 + Level 1.4 Invocations
 + Level 1.2 Evocations


You had 2 spell levels left.
You knew the following spells:

 Your Spells              Type           Power        Failure   Level  Hunger
a - Magic Dart            Conj           ###.         3%          1    None
b - Blink                 Tloc           N/A          4%          2    None
c - Slow                  Hex            ##......     9%          2    None
d - Conjure Flame         Conj/Fire      ##......     13%         3    None
e - Call Imp              Summ           ###.....     4%          2    None
f - Mephitic Cloud        Conj/Pois/Air  ##......     14%         3    None
g - Ensorcelled Hibernat  Hex/Ice        ##....       9%          2    None

Your spell library contained the following spells:

 Spells                   Type           Power        Failure   Level  Hunger
 Confuse                  Hex            ##......     17%         3    None
 Tukima's Dance           Hex            ##......     17%         3    None
 Corona                   Hex            ##.....      5%          1    None
 Dazzling Spray           Conj/Hex       ##....       13%         3    None


Dungeon Overview and Level Annotations

Branches:
Dungeon (3/15)

Altars:
Qazlal


Innate Abilities, Weirdness & Mutations

Your experience applies equally to all skills.
You have very sharp teeth.
Your uncanny sense of smell can sniff out nearby items.


Message History

Something hits you but does no damage. Something hits you but does no damage.
You hear some strange, mumbled words.
A puff of frost appears from out of thin air!
The puff of frost hits you!
* * * LOW HITPOINT WARNING * * *
Casting: Mephitic Cloud (safe; 14% risk of failure)
Confirm with . or Enter, or press ? or * to list all spells.
Aiming: Conjure Flame (safe; 13% risk of failure)
Press: ? - help, Dir - move target cursor You miscast Conjure Flame.
The air around you burns with energy! Something hits you.
* * * LOW HITPOINT WARNING * * *
You hear some strange, mumbled words.
A puff of frost appears from out of thin air!
The puff of frost hits you!
* * * LOW HITPOINT WARNING * * *
A magic dart appears from out of thin air!
The magic dart hits you!
You die...

#.# #.#...## #.#
#.###..# #.# #.# ##.#
#. #.# #.# #.## ....
..# .###..###..♣#♣.....
#..
.........♣.....♣....
....#.###..♣.♣......
#....#♣.♣...♣.♣..
#...@...♣.....
...####.#.♣.♣...♣.♣#
.............♣.♣..#
######.###♣..)..♣#
#o.####♣)♣## ##.o.#
#.##########.
###o###..#.........
##...............∆
######............#..#.


You could see an orc.

Vanquished Creatures
  An orc wizard (D:3)
  2 adders (D:2)
  An ooze (D:1)
  3 dart slugs
  A leopard gecko (D:1)
  A giant cockroach (D:3)
  4 goblins
  8 hobgoblins
  6 bats
  2 frilled lizards
  6 kobolds
  4 rats (D:1)
39 creatures vanquished.

Vanquished Creatures (collateral kills)
  An orc wizard (D:3)
  An orc (D:3)
  A bat (D:3)
3 creatures vanquished.

Grand Total: 42 creatures vanquished

Notes
Turn   | Place    | Note
-------+----------+-------------------------------------------
     0 | D:1      | ryryur the Gnoll Wizard began the quest for the Orb.
     0 | D:1      | Reached XP level 1. HP: 13/13 MP: 8/8
   193 | D:1      | Reached XP level 2. HP: 19/19 MP: 6/10
   461 | D:1      | Learned a level 2 spell: Blink
   464 | D:1      | Learned a level 2 spell: Slow
   686 | D:1      | Reached XP level 3. HP: 25/25 MP: 11/11
  1003 | D:2      | Found a faded altar of an unknown god.
  1119 | D:2      | Reached skill level 1 in Invocations
  1134 | D:2      | Learned a level 3 spell: Conjure Flame
  1137 | D:2      | Learned a level 2 spell: Call Imp
  1141 | D:2      | Learned a level 3 spell: Mephitic Cloud
  1442 | D:2      | Reached skill level 1 in Fighting
  1442 | D:2      | Reached skill level 1 in Short Blades
  1442 | D:2      | Reached skill level 1 in Long Blades
  1442 | D:2      | Reached skill level 1 in Axes
  1442 | D:2      | Reached skill level 1 in Maces & Flails
  1442 | D:2      | Reached skill level 1 in Polearms
  1442 | D:2      | Reached skill level 1 in Staves
  1442 | D:2      | Reached skill level 1 in Slings
  1442 | D:2      | Reached skill level 1 in Bows
  1442 | D:2      | Reached skill level 1 in Crossbows
  1442 | D:2      | Reached skill level 1 in Throwing
  1442 | D:2      | Reached skill level 1 in Armour
  1442 | D:2      | Reached skill level 1 in Shields
  1442 | D:2      | Reached skill level 1 in Unarmed Combat
  1442 | D:2      | Reached skill level 1 in Evocations
  1442 | D:2      | Reached XP level 4. HP: 32/32 MP: 8/13
  1446 | D:2      | Learned a level 2 spell: Ensorcelled Hibernation
  1753 | D:3      | Noticed a fire elemental
  1755 | D:3      | Found a stormy altar of Qazlal.
  1853 | D:3      | Reached skill level 1 in Hexes
  1853 | D:3      | Reached skill level 1 in Charms
  1853 | D:3      | Reached skill level 1 in Necromancy
  1853 | D:3      | Reached skill level 1 in Transmutations
  1853 | D:3      | Reached skill level 1 in Fire Magic
  1853 | D:3      | Reached skill level 1 in Ice Magic
  1853 | D:3      | Reached skill level 1 in Air Magic
  1853 | D:3      | Reached skill level 1 in Earth Magic
  1853 | D:3      | Reached skill level 1 in Poison Magic
  1862 | D:3      | Killed from afar by an orc wizard

Skill      XL: |  1  2  3  4 |
---------------+-------------+-----
Conjurations   | 2 |  2.3
Summonings     | 2 |  2.3
Translocations | 2 |  2.3
Invocations    | 1 |  1.4
Fighting       | 1 |  1.2
Short Blades   | 1 |  1.2
Long Blades    | 1 |  1.2
Axes           | 1 |  1.2
Maces & Flails | 1 |  1.2
Polearms       | 1 |  1.2
Staves         | 1 |  1.2
Slings         | 1 |  1.2
Bows           | 1 |  1.2
Crossbows      | 1 |  1.2
Throwing       | 1 |  1.2
Armour         | 1 |  1.2
Shields        | 1 |  1.2
Unarmed Combat | 1 |  1.2
Evocations     | 1 |  1.2
Hexes          | 1 |  1.0
Charms         | 1 |  1.0
Necromancy     | 1 |  1.0
Transmutations | 1 |  1.0
Fire Magic     | 1 |  1.0
Ice Magic      | 1 |  1.0
Air Magic      | 1 |  1.0
Earth Magic    | 1 |  1.0
Poison Magic   | 1 |  1.0
Dodging        | |  4.7
Stealth        | |  4.3
Spellcasting   | |  7.2

Action                   |  1- 3 |  4- 6 || total
-------------------------+-------+-------++-------
Melee: Mace              |    13 |       ||    13
       Trident           |     1 |    40 ||    41
       Bite              |     1 |     6 ||     7
 Cast: Magic Dart        |    60 |     3 ||    63
       Mephitic Cloud    |       |     2 ||     2
       Call Imp          |       |     1 ||     1
       Ensorcelled Hiber |       |     1 ||     1
 Stab: Sleeping          |     2 |     3 ||     5
  Eat: Chunk             |     2 |     1 ||     3
Armor: Robe              |     6 |     5 ||    11
Dodge: Dodged            |    14 |    42 ||    56
